 Dungeon Crawl Stone Soup version 0.19-a0-1401-g902f63d (webtiles) character file.

3750 Amnesiac the Nimble (level 9, 0/57 HPs)
             Began as a Deep Elf Wizard on Sept 5, 2016.
             Was an Initiate of Kikubaaqudgha.
             Slain by a hell hound (5 damage)
             ... on level 8 of the Dungeon.
             The game lasted 00:25:37 (7714 turns).

Amnesiac the Nimble (Deep Elf Wizard)               Turns: 7714, Time: 00:25:38

Health: 0/57       AC:  6    Str:  4    XL:     9   Next: 93%
Magic:  6/20       EV: 27    Int: 26    God:    Kikubaaqudgha [......]
Gold:   323        SH:  0    Dex: 16    Spells: 6 memorised, 11 levels left

rFire  . . .     SeeInvis .     q - +2 whip (pain)
rCold  . . .     Gourm    .     a - +0 robe
rNeg   . . .     Faith    .     (no shield)
rPois  .         Spirit   .     D - +1 hat
rElec  .         Dismiss  .     t - +0 cloak
rCorr  .         Reflect  .     (no gloves)
MR     .....     Harm     .     (no boots)
Stlth  ++........               (no amulet)
                                l - +5 ring of evasion
                                v - +3 ring of evasion

@: repel missiles
A: thin metallic scales 1, clever 1, low mp 1
a: Renounce Religion


You were on level 8 of the Dungeon.
You worshipped Kikubaaqudgha.
Kikubaaqudgha was noncommittal.
You were not hungry.

You visited 2 branches of the dungeon, and saw 9 of its levels.

You collected 323 gold pieces.

Inventory:

Hand Weapons
 n - a +0 short sword of venom
 q - a +2 whip of pain (weapon)
 z - a +0 blowgun
 C - a +4 quarterstaff
Missiles
 A - 7 curare-tipped needles
Armour
 a - a +0 robe (worn)
 t - a +0 cloak (worn)
 D - a +1 hat (worn)
Jewellery
 j - an uncursed ring of flight
 l - a +5 ring of evasion (right hand)
 u - an uncursed ring of wizardry {unknown}
 v - a +3 ring of evasion (left hand)
 E - an uncursed ring of positive energy
Wands
 b - a wand of flame (22/48)
 m - a wand of polymorph (14/24)
 w - a wand of acid (2/15)
 y - a wand of digging (9/24)
 B - a wand of disintegration (9/24)
Scrolls
 e - 2 scrolls of blinking
 f - a scroll of enchant weapon
 g - 5 scrolls of identify
 h - a scroll of amnesia {unknown}
 i - 4 scrolls of remove curse
 s - 3 scrolls of magic mapping
Potions
 x - a potion of flight
Books
 c - a book of Minor Magic

   Spells                             Type                      Level
   a - Magic Dart                     Conjuration                  1
   b - Blink                          Translocation                2
   c - Call Imp                       Summoning                    2
   d - Repel Missiles                 Charms/Air                   2
   e - Slow                           Hexes                        2
   f - Conjure Flame                  Conjuration/Fire             3
   g - Mephitic Cloud                 Conjuration/Poison/Air       3
 o - a book of Summonings

   Spells                             Type                      Level
   a - Recall                         Summoning/Translocation      3
   b - Aura of Abjuration             Summoning                    5
   c - Summon Demon                   Summoning                    5
   d - Summon Forest                  Summoning/Translocation      5
   e - Summon Mana Viper              Hexes/Summoning              5
   f - Shadow Creatures               Summoning                    6
Comestibles
 d - 7 bread rations
 k - 9 fruits
 p - 3 meat rations
 r - 2 slices of pizza
 F - a beef jerky


   Skills:
 - Level 7.0 Fighting
 + Level 2.2(3.2) Maces & Flails
 - Level 4.7(5.2) Staves
 - Level 9.4 Dodging
 - Level 2.4 Stealth
 - Level 8.0 Spellcasting
 - Level 5.2 Conjurations
 - Level 1.1 Summonings
 - Level 8.1 Necromancy
 - Level 1.1 Translocations


You had 11 spell levels left.
You knew the following spells:

 Your Spells              Type           Power        Failure   Level  Hunger
a - Repel Missiles        Chrm/Air       ##....       10%         2    None
b - Blink                 Tloc           N/A          6%          2    None
d - Call Imp              Summ           ###.....     6%          2    None
e - Mephitic Cloud        Conj/Pois/Air  ###.....     10%         3    None
s - Conjure Flame         Conj/Fire      ###.....     8%          3    None
z - Magic Dart            Conj           ####         1%          1    None


Dungeon Overview and Level Annotations

Branches:
Dungeon (8/15)             Temple (1/1) D:5            Lair (0/6) D:8

Altars:
Ashenzari
Cheibriados
Dithmenos
Elyvilon
Fedhas
Gozag
Hepliaklqana
Kikubaaqudgha
Makhleb
Nemelex Xobeh
Okawaru
Qazlal
Ru
Sif Muna
Trog
Uskayaw
Vehumet
Xom
Yredelemnul
Zin
The Shining One

Shops:
D:4 *

Annotations:
D:8 3 exclusions


Innate Abilities, Weirdness & Mutations

You are partially covered in thin metallic scales. (AC +2)
Your mind is acute. (Int +2)
Your magical capacity is low. (-10% MP)


Message History

Press: ? - help, Shift-Dir - straight line, f/p - hell hound
Aim: a hell hound (almost dead, catching its breath)
The magic dart hits the hell hound.
The hell hound is almost dead.
The hell hound bites you!
* * * LOW HITPOINT WARNING * * *
Unknown command.
Casting: Magic Dart
Confirm with . or Enter, or press ? or * to list all spells.
Aiming: Magic Dart
Press: ? - help, Shift-Dir - straight line, f/p - hell hound
Aim: a hell hound (almost dead, catching its breath)
The magic dart hits the hell hound.
The hell hound is almost dead.
The hell hound bites you!
* * * LOW HITPOINT WARNING * * *
The hell hound pauses to sniff the ground.
The hell hound bites you.
You die...
Kikubaaqudgha rasps: "You have failed me!
Welcome... death!"

.#.#.####.§§.>.≈≈..##########
#......##.≈≈§.§≈§...........#
'......##..≈≈≈§§§.#########.##
#......##....≈§≈..# #......#
.#.#.####.........# #.######
#.#.#............######.#######
.#.#.######......'............#
###########.....h######.#####.#
.............@.......# #.#
###################### #.# #.#
#.# #.# #.# #.# #.# #.#


You could see a hell hound.

Vanquished Creatures
  A polar bear (D:8)
  A troll (D:6)
  A two-headed ogre (D:8)
  A yak (D:8)
  A hippogriff (D:4)
  2 water moccasins (D:8)
  2 sky beasts (D:7)
  3 ice beasts
  2 orc warriors
  2 black bears (D:6)
  2 ogres
  A wolf (D:8)
  2 centaurs
  2 big kobolds
  A scorpion (D:7)
  A howler monkey (D:5)
  4 crimson imps
  A giant frog zombie (D:8)
  2 hounds
  2 jellies
  A centaur zombie (D:7)
  6 orc priests
  An iguana (D:4)
  Terence (D:3)
  9 orc wizards
  4 worker ants
  A worker ant zombie (D:8)
  7 adders
  A shadow imp (D:4)
  A white imp (D:8)
  An ufetubus (D:8)
  3 worms (D:2)
  A dart slug (D:4)
  4 giant geckos
  26 orcs
  7 giant cockroaches
  6 goblins
  11 hobgoblins
  12 jackals
  A quokka (D:6)
  8 bats
  A giant cockroach zombie (D:5)
  A giant gecko simulacrum (D:8)
  4 giant newts
  2 gnoll zombies (D:3)
  A jackal zombie (D:5)
  9 kobolds
  5 rats
169 creatures vanquished.

Notes
Turn   | Place    | Note
-------+----------+-------------------------------------------
     0 | D:1      | Amnesiac the Deep Elf Wizard began the quest for the Orb.
     0 | D:1      | Reached XP level 1. HP: 10/10 MP: 7/7
   317 | D:1      | Reached skill level 5 in Spellcasting
   368 | D:1      | Reached XP level 2. HP: 15/15 MP: 3/10
   422 | D:1      | Learned a level 2 spell: Repel Missiles
   427 | D:1      | Learned a level 2 spell: Blink
   532 | D:2      | Reached skill level 3 in Dodging
   604 | D:3      | Noticed Terence
   666 | D:2      | Reached XP level 3. HP: 19/19 MP: 7/11
   812 | D:3      | Reached skill level 4 in Dodging
   908 | D:2      | Learned a level 3 spell: Conjure Flame
   912 | D:2      | Learned a level 3 spell: Mephitic Cloud
   920 | D:3      | Reached XP level 4. HP: 12/24 MP: 3/13
   991 | D:3      | Noticed a big kobold
  1252 | D:4      | Reached skill level 5 in Dodging
  1353 | D:4      | Found Gozag's Platinum Reserve.
  1360 | D:4      | Found an opulent altar of Gozag.
  1571 | D:4      | Killed a big kobold
  1571 | D:4      | Reached skill level 1 in Fighting
  1571 | D:4      | Reached XP level 5. HP: 30/30 MP: 9/14
  1658 | D:4      | Noticed a hippogriff
  1903 | D:4      | You fall through a shaft for 2 floors!
  1903 | D:6      | Noticed a troll
  1907 | D:6      | Noticed a centaur
  1922 | D:6      | Reached skill level 5 in Conjurations
  1922 | D:6      | Reached XP level 6. HP: 41/41 MP: 3/19
  1959 | D:6      | Killed a troll
  1959 | D:6      | Reached XP level 7. HP: 18/47 MP: 2/20
  2241 | D:5      | Entered Level 5 of the Dungeon
  2254 | D:5      | Reached skill level 6 in Dodging
  2314 | D:5      | Found a glowing silver altar of Zin.
  2392 | D:5      | Reached XP level 8. HP: 52/53 MP: 0/22
  2634 | D:5      | Reached skill level 7 in Dodging
  2750 | D:5      | Found a staircase to the Ecumenical Temple.
  2864 | Temple   | Entered the Ecumenical Temple
  3724 | D:4      | Reached skill level 8 in Dodging
  3823 | D:4      | Found a shadowy altar of Dithmenos.
  4432 | D:2      | Found a burning altar of Makhleb.
  4432 | D:2      | Found a radiant altar of Vehumet.
  4723 | D:3      | Killed Terence
  5057 | D:3      | Found a basalt altar of Yredelemnul.
  5947 | D:7      | Reached skill level 9 in Dodging
  5947 | D:7      | Reached XP level 9. HP: 47/57 MP: 23/23
  6432 | D:7      | Reached skill level 1 in Staves
  6651 | D:7      | Gained mutation: Your mind is acute. (Int +2) [mutagenic meat]
  6654 | D:7      | Gained mutation: You are partially covered in thin metallic scales. (AC +2) [mutagenic meat]
  6657 | D:7      | Gained mutation: Your mind is very acute. (Int +4) [mutagenic meat]
  6660 | D:7      | Lost mutation: Your mind is very acute. (Int +4) [mutagenic meat]
  6663 | D:7      | Gained mutation: Your magical capacity is low. (-10% MP) [mutagenic meat]
  6938 | D:8      | Noticed a polar bear
  6957 | D:8      | Killed a polar bear
  7069 | D:8      | Found a staircase to the Lair.
  7141 | D:8      | Found a glowing golden altar of the Shining One.
  7141 | D:8      | Found a shattered altar of Ashenzari.
  7141 | D:8      | Found a stormy altar of Qazlal.
  7143 | D:8      | Found a snail-covered altar of Cheibriados.
  7166 | D:8      | Found a blossoming altar of Fedhas.
  7169 | D:8      | Found an ancient bone altar of Kikubaaqudgha.
  7177 | D:8      | Became a worshipper of Kikubaaqudgha
  7322 | D:8      | Learned a level 2 spell: Call Imp
  7386 | D:8      | Reached skill level 1 in Maces & Flails
  7714 | D:8      | Slain by a hell hound

Vault maps used:
D:1:      dpeg_arrival_houses_and_road, serial_park_tiny_2
D:2:      gammafunk_temple_overflow_statue
D:3:      lemuel_zombie_altar_yredelemnul, first_bread, serial_forest,
          infiniplex_forest_clump_double, infiniplex_forest_clump_small,
          infiniplex_forest_lined_corner, infiniplex_forest_side_room,
          infiniplex_forest_clump_medium, infiniplex_forest_straight_2,
          infiniplex_forest_lined_room_2, infiniplex_forest_end_2,
          kennysheep_another_room, serial_bayou_pond_e, uniq_terence
D:4:      nicolae_gozag_zags_fifth_avenue, grunt_dithmenos_shadows
D:5:      zin_academy
D:6:      minmay_cornered_nines, uniq_menkaure, uniq_edmund,
          uniq_crazy_yiuf_cottage
D:8:      minmay_overflow_temple_hex, minmay_lair_entry_lava, serial_ice,
          serial_ice_o, serial_ice_e, serial_ice_d, serial_ice_g, enter_bailey_3
Temple:   compressed_dpeg_triangle_lava_temple

Skill      XL: |  1  2  3  4  5  6  7  8  9 |
---------------+----------------------------+-----
Spellcasting   | 5 8 |  8.0
Dodging        | 3 4 5 6 9 |  9.4
Fighting       | 1 6 7 |  7.0
Conjurations   | 5 |  5.2
Necromancy     | 8 |  8.1
Staves         | 4 |  4.7
Maces & Flails | 2 |  2.2
Stealth        | |  2.4
Summonings     | |  1.1
Translocations | |  1.1

Action                   |  1- 3 |  4- 6 |  7- 9 || total
-------------------------+-------+-------+-------++-------
Melee: Unarmed           |       |    35 |     3 ||    38
       Short sword       |       |       |    90 ||    90
       Whip              |       |       |   194 ||   194
 Cast: Magic Dart        |    61 |    61 |   300 ||   422
       Repel Missiles    |     1 |     1 |     3 ||     5
       Blink             |     1 |     5 |     7 ||    13
       Conjure Flame     |     1 |     1 |    15 ||    17
       Mephitic Cloud    |       |     8 |    16 ||    24
       Call Imp          |       |       |     3 ||     3
Evoke: Wand              |       |       |     1 ||     1
  Use: Scroll            |       |     5 |     3 ||     8
       Potion            |       |     3 |     4 ||     7
 Stab: Confused          |       |       |     1 ||     1
  Eat: Chunk             |       |     3 |    23 ||    26
       Beef jerky        |       |       |     1 ||     1
Armor: Robe              |     2 |     3 |    33 ||    38
       Skin              |       |       |    14 ||    14
Dodge: Dodged            |     9 |   125 |   388 ||   522
       Deflected         |     1 |     2 |     2 ||     5
